 Dungeon Crawl Stone Soup version 0.19.1 (webtiles) character file.

12163 XO4YCPATb the Merchant of Misery (level 11, -5/74 HPs)
             Began as a Black Draconian Necromancer on Nov 28, 2016.
             Was a Believer of Kikubaaqudgha.
             Slain by a hill giant
             ... wielding a +0 giant spiked club
              (34 damage)
             ... on level 11 of the Dungeon on Nov 29, 2016.
             The game lasted 01:15:02 (15134 turns).

XO4YCPATb the Merchant of Misery (DrNe)            Turns: 15134, Time: 01:15:03

Health: -5/74      AC:  9    Str: 10    XL:     11   Next: 58%
Magic:  20/24      EV: 14    Int: 20    God:    Kikubaaqudgha [**....]
Gold:   955        SH:  0    Dex: 11    Spells: 10 memorised, 1 level left

rFire  . . .     SeeInvis .     s - +2 whip (elec)
rCold  . . .     Gourm    .     (armour unavailable)
rNeg   . . .     Faith    .     (no shield)
rPois  .         Spirit   .     (helmet restricted)
rElec  +         Reflect  .     g - +0 cloak
rCorr  .         Harm     .     (no gloves)
MR     .....     Clarity  +     m - +0 pair of boots
Stlth  +.........               (no amulet)
                                (no ring)
                                y - ring of wizardry

@: confused, regenerating, repel missiles
A: breathe lightning, unfitting armour, clarity, electricity resistance,
cold-blooded, AC +7
a: Breathe Lightning, Receive Corpses, Renounce Religion


You were on level 11 of the Dungeon.
You worshipped Kikubaaqudgha.
Kikubaaqudgha was pleased with you.
You were very hungry.

You visited 4 branches of the dungeon, and saw 14 of its levels.

You collected 955 gold pieces.

Inventory:

Hand Weapons
 a - the +7 spear of Dissatisfaction {pierce, Dex+3}
   (You found it on level 1 of the Lair of Beasts)

   It inflicts extra damage upon your enemies.
   It affects your dexterity (+3).
 s - a +2 whip of electrocution (weapon)
Armour
 g - a +0 cloak (worn)
 m - a +0 pair of boots (worn)
Jewellery
 y - a ring of wizardry (left hand)
Wands
 d - a wand of enslavement (17/24)
 p - a wand of polymorph (5/24)
 w - a wand of random effects (23/48)
 D - a wand of disintegration (2/24)
 F - a wand of flame (4/48)
 H - a wand of enslavement (23/24)
 L - a wand of slowing (19/48)
Scrolls
 e - 4 scrolls of teleportation
 i - a scroll of amnesia
 k - a scroll of blinking
 l - a scroll of fear
 q - 6 scrolls of remove curse
 r - a scroll of vulnerability
 t - a scroll of fog
 u - a scroll of noise
 x - 3 scrolls of magic mapping
 z - 2 scrolls of immolation
Potions
 c - a potion of flight
 h - 2 potions of magic
 j - 2 potions of agility
 n - 3 potions of brilliance
 v - 4 potions of might
 C - a potion of resistance {unknown}
 E - a potion of haste
 G - 2 potions of mutation {unknown}
 J - a potion of experience {unknown}
Books
 K - Kikubaaqudgha's Volume of Evil
   (Kikubaaqudgha gifted it to you on level 11 of the Dungeon)

   Spells                             Type                      Level
   a - Animate Dead                   Necromancy                   4
   b - Excruciating Wounds            Charms/Necromancy            5
   c - Bolt of Draining               Conjuration/Necromancy       5
   d - Dispel Undead                  Necromancy                   5
   e - Death Channel                  Necromancy                   6
Comestibles
 b - 11 bread rations
 f - 9 meat rations
 o - a slice of pizza
 A - 10 royal jellies
 B - 4 beef jerkies
 I - 2 chunks of flesh


   Skills:
   Level 3.7 Long Blades
 - Level 8.8 Maces & Flails
 - Level 5.2 Dodging
 - Level 1.7 Stealth
 + Level 9.0 Spellcasting
 - Level 3.0 Conjurations
 - Level 5.0 Charms
 * Level 9.2 Necromancy
 - Level 2.9 Translocations
 - Level 3.3 Air Magic
 - Level 2.4 Poison Magic


You had one spell level left.
You knew the following spells:

 Your Spells              Type           Power        Failure   Level  Hunger
a - Pain                  Necr           ####         1%          1    None
b - Animate Skeleton      Necr           N/A          1%          1    None
c - Regeneration          Chrm/Necr      #####.....   1%          3    None
d - Animate Dead          Necr           N/A          1%          4    ###....
e - Repel Missiles        Chrm/Air       ####..       1%          2    None
f - Blink                 Tloc           N/A          1%          2    None
g - Mephitic Cloud        Conj/Pois/Air  ###.....     4%          3    None
h - Vampiric Draining     Necr           #####.....   1%          3    None
i - Sublimation of Blood  Necr           #####.....   1%          2    None
j - Death Channel         Necr           #####.....   14%         6    ######.


Dungeon Overview and Level Annotations

Branches:
Dungeon (11/15)            Temple (1/1) D:7            Lair (1/6) D:10
    Orc (1/2) D:10

Altars:
Ashenzari
Cheibriados
Dithmenos
Elyvilon
Fedhas
Gozag
Hepliaklqana
Kikubaaqudgha
Makhleb
Nemelex Xobeh
Okawaru
Qazlal
Ru
Sif Muna
Trog
Uskayaw
Vehumet
Xom
Yredelemnul
Zin
The Shining One

Shops:
D:5 %   D:6 (   Orc:1 }


Innate Abilities, Weirdness & Mutations

You can breathe wild blasts of lightning.
Your glossy black scales are hard. (AC +7)
You cannot fit into any form of body armour.
You are resistant to electric shocks. (rElec)
You are cold-blooded and may be slowed by cold attacks.
You possess an exceptional clarity of mind.


Message History

Your wyvern zombie bites the yak!
The yak dies!
Kikubaaqudgha accepts your kill.
Your Spellcasting skill increases to level 9!
Your yak zombie gores the yak.
Your hippogriff zombie bites the hill giant.
Your hippogriff zombie pecks the hill giant but does no damage.
Your hippogriff zombie claws the hill giant.
The yak closely misses you. The yak barely misses you.
Your sky beast zombie hits the hill giant.
Your yak zombie gores the yak!
Unknown command.
You are feeling very hungry.
Your hippogriff zombie bites the hill giant.
Your hippogriff zombie pecks the hill giant but does no damage.
Your hippogriff zombie claws the hill giant.
The hill giant hits you with a giant spiked club!!
You die...
Kikubaaqudgha rasps: "You have failed me!
Welcome... death!"

#...####'###.).#
##...##...###...#
......'.....#...#
......#.....#...#
......#.....+...#
####'#############
#...............#
#............ZY.#
#.....?.......C@#
#............ZZZ#
#<..............#
...###############
... .


You could see a hill giant, a yak, a friendly yak zombie, a friendly hippogriff
zombie, a friendly wyvern zombie and a friendly sky beast zombie.

Vanquished Creatures
  Pikel (D:5)
  A hill giant (D:9)
  An ugly thing (D:11)
  A spiny frog (Lair:1)
  2 komodo dragons
  2 two-headed ogres
  Sigmund (D:6)
  8 yaks
  A wyvern (D:8)
  Eustachio (D:4)
  A hungry ghost (D:8)
  Grum (D:8)
  Duvessa (D:4)
  A water moccasin (Lair:1)
  2 porcupines (Lair:1)
  9 orc warriors
  3 phantoms
  2 black bears
  An ice beast (D:7)
  4 slaves (D:5)
  7 sky beasts
  5 ogres
  7 wolves
  4 centaurs
  A crocodile (Lair:1)
  3 big kobolds
  5 bullfrogs
  2 gnoll sergeants
  2 scorpions
  Dowan (D:4)
  7 wights
  4 howler monkeys
  6 electric eels (D:9)
  5 crimson imps
  6 jellies
  2 quasits
  3 hounds
  10 orc priests
  2 centaur skeletons
  9 orc wizards
  An iguana (D:7)
  8 worker ants
  A killer bee zombie (D:5)
  A hound zombie (D:10)
  3 hound skeletons
  A worker ant zombie (D:9)
  10 adders
  10 gnolls
  A howler monkey skeleton (D:9)
  2 shadow imps
  6 oozes
  5 adder skeletons
  2 adder zombies
  2 worms
  4 dart slugs
  5 leopard geckos
  44 orcs
  A bat zombie (D:8)
  2 giant cockroaches
  6 goblins
  5 hobgoblins
  8 jackals
  21 kobolds
  6 quokkas
  A ball python (D:4)
  5 bats
  6 frilled lizards
  A leopard gecko zombie (D:5)
  8 rats
  2 rat zombies (D:8)
313 creatures vanquished.

Vanquished Creatures (collateral kills)
  A cyclops (Orc:1)
  A troll (D:9)
  2 yaks
  Menkaure (D:6)
  2 ogres
  A bullfrog (D:9)
  An orc priest (D:4)
  A bullfrog skeleton (D:6)
  A worker ant zombie (D:3)
  An adder (D:2)
  An adder skeleton (D:9)
  A leopard gecko (D:5)
  2 orcs
  2 bats (D:3)
  A jackal (D:2)
  A quokka (D:6)
  2 frilled lizards (D:2)
  2 kobolds
  A rat zombie (D:8)
25 creatures vanquished.

Vanquished Creatures (others)
  4 plants (D:9)
4 creatures vanquished.

Grand Total: 342 creatures vanquished

Notes
Turn   | Place    | Note
-------+----------+-------------------------------------------
     0 | D:1      | XO4YCPATb the Draconian Necromancer began the quest for the Orb.
     0 | D:1      | Reached XP level 1. HP: 14/14 MP: 3/3
    69 | D:1      | Learned a level 1 spell: Animate Skeleton
   299 | D:1      | Reached XP level 2. HP: 14/20 MP: 0/5
  1033 | D:1      | Reached XP level 3. HP: 22/26 MP: 2/7
  1038 | D:1      | Learned a level 3 spell: Regeneration
  1873 | D:2      | Reached skill level 1 in Charms
  2173 | D:2      | Reached XP level 4. HP: 33/33 MP: 6/8
  2179 | D:2      | Learned a level 4 spell: Animate Dead
  2535 | D:3      | Found a shadowy altar of Dithmenos.
  2724 | D:3      | Found a radiant altar of Vehumet.
  2738 | D:3      | Found an iron altar of Okawaru.
  2741 | D:3      | Found a stormy altar of Qazlal.
  2760 | D:3      | Found an opulent altar of Gozag.
  2837 | D:3      | Found a glowing golden altar of the Shining One.
  3132 | D:3      | Found a white marble altar of Elyvilon.
  3382 | D:3      | Found a sparkling altar of Nemelex Xobeh.
  3710 | D:4      | Noticed Dowan
  3713 | D:4      | Noticed Duvessa
  3729 | D:4      | Killed Dowan
  3729 | D:4      | Reached skill level 5 in Necromancy
  3729 | D:4      | Reached XP level 5. HP: 12/38 MP: 0/9
  4008 | D:4      | Noticed Eustachio
  4103 | D:4      | Killed Eustachio
  4103 | D:4      | Reached XP level 6. HP: 11/45 MP: 2/10
  4475 | D:4      | HP: 2/45 [Duvessa/rapier (12)]
  4488 | D:4      | Killed Duvessa
  4601 | D:4      | Your scales start taking on a glossy black colour.
  4601 | D:4      | Reached XP level 7. HP: 46/50 MP: 6/12
  4601 | D:4      | Gained mutation: You are resistant to electric shocks. (rElec) [Black Draconian growth]
  4694 | D:4      | Reached skill level 5 in Charms
  5186 | D:4      | Found a snail-covered altar of Cheibriados.
  5935 | D:5      | Entered Level 5 of the Dungeon
  5968 | D:5      | Found a sparkling altar of Nemelex Xobeh.
  5971 | D:5      | Reached skill level 1 in Long Blades
  6011 | D:5      | Noticed Pikel
  6257 | D:5      | Reached XP level 8. HP: 40/57 MP: 11/14
  6301 | D:5      | Killed Pikel
  6301 | D:5      | Reached skill level 5 in Spellcasting
  6371 | D:5      | Reached skill level 1 in Maces & Flails
  6577 | D:5      | Found Qoodus's Food Boutique.
  6925 | D:6      | Learned a level 2 spell: Repel Missiles
  7024 | D:6      | Learned a level 2 spell: Blink
  7028 | D:6      | Learned a level 3 spell: Mephitic Cloud
  7031 | D:6      | Noticed Sigmund
  7056 | D:6      | Killed Sigmund
  7056 | D:6      | Reached XP level 9. HP: 44/62 MP: 14/17
  7068 | D:6      | Reached skill level 1 in Translocations
  7068 | D:6      | Reached skill level 1 in Air Magic
  7068 | D:6      | Reached skill level 1 in Poison Magic
  7132 | D:6      | Noticed Menkaure
  7138 | D:6      | Killed Menkaure
  7138 | D:6      | Reached skill level 1 in Conjurations
  7502 | D:6      | Found Hayrouja's Weapon Shoppe.
  8040 | D:7      | Found a shattered altar of Ashenzari.
  8215 | D:7      | Found a staircase to the Ecumenical Temple.
  8224 | Temple   | Entered the Ecumenical Temple
  8420 | D:7      | Identified a scroll of acquirement
  8662 | D:8      | Noticed Grum
  8673 | D:8      | Killed Grum
  8860 | D:7      | Gained mutation: You possess an exceptional clarity of mind. [mutagenic meat]
  9139 | D:8      | Reached XP level 10. HP: 53/69 MP: 15/19
  9325 | D:8      | Reached skill level 5 in Maces & Flails
  9367 | D:8      | Learned a level 3 spell: Vampiric Draining
 10374 | D:8      | Found an ancient bone altar of Kikubaaqudgha.
 10386 | D:8      | Became a worshipper of Kikubaaqudgha
 10855 | D:9      | Reached * piety under Kikubaaqudgha
 10855 | D:9      | Identified Kikubaaqudgha's Tome of Necromancy (Kikubaaqudgha gifted it to you on level 9 of the Dungeon)
 10855 | D:9      | Received a gift from Kikubaaqudgha
 10926 | D:8      | Learned a level 2 spell: Sublimation of Blood
 11201 | D:9      | Found a shimmering altar of Xom.
 12052 | D:9      | Found a bloodstained altar of Trog.
 12071 | D:9      | Reached ** piety under Kikubaaqudgha
 12121 | D:10     | Entered Level 10 of the Dungeon
 12135 | D:10     | Found a staircase to the Lair.
 12476 | D:10     | Found a staircase to the Orcish Mines.
 12809 | D:10     | Noticed a hill giant
 13236 | D:10     | Noticed a hill giant
 13280 | D:9      | Killed a hill giant
 13280 | D:9      | Reached XP level 11. HP: 63/74 MP: 20/23
 13448 | Orc:1    | Entered Level 1 of the Orcish Mines
 13492 | Orc:1    | Found Guvareg's Gadget Emporium.
 13763 | D:10     | Got a steaming hunting sling
 13764 | D:10     | Identified the +11 hunting sling "Qutuimotz" {freeze, rPois SInv} (You acquired it on level 10 of the Dungeon)
 13781 | Lair:1   | Entered Level 1 of the Lair of Beasts
 14161 | Lair:1   | Noticed an eight-headed hydra
 14229 | Lair:1   | Got a bloodstained spear
 14230 | Lair:1   | Identified the +7 spear of Dissatisfaction {pierce, Dex+3} (You found it on level 1 of the Lair of Beasts)
 14796 | D:11     | Reached skill level 5 in Dodging
 14839 | D:11     | Noticed a purple ugly thing
 14847 | D:11     | Killed a purple ugly thing
 14918 | D:11     | HP: 2/74 [komodo dragon (27)]
 15064 | D:11     | Reached *** piety under Kikubaaqudgha
 15064 | D:11     | Identified Kikubaaqudgha's Volume of Evil (Kikubaaqudgha gifted it to you on level 11 of the Dungeon)
 15064 | D:11     | Received a gift from Kikubaaqudgha
 15079 | D:11     | Learned a level 6 spell: Death Channel
 15122 | D:11     | Noticed a hill giant
 15134 | D:11     | Slain by a hill giant

Skill      XL: |  1  2  3  4  5  6  7  8  9 10 11 |
---------------+----------------------------------+-----
Spellcasting   | 3 4 5 6 8 9 |  9.0
Charms         | 1 2 3 4 5 |  5.0
Necromancy     | 5 6 7 8 9 |  9.2
Long Blades    | 1 3 |  3.7
Dodging        | 2 3 4 5 |  5.2
Maces & Flails | 2 4 7 8 |  8.8
Translocations | 2 |  2.9
Air Magic      | 3 |  3.3
Poison Magic   | 2 |  2.4
Conjurations   | 3 |  3.0
Stealth        | |  1.7

Action                   |  1- 3 |  4- 6 |  7- 9 | 10-12 || total
-------------------------+-------+-------+-------+-------++-------
Melee: Mace              |     2 |       |       |       ||     2
       Whip              |    33 |    34 |   224 |   589 ||   880
       Tailslap          |     2 |     7 |    31 |    55 ||    95
       Hand axe          |       |    57 |    29 |       ||    86
       Dagger            |       |       |    25 |       ||    25
       Long sword        |       |       |    22 |       ||    22
       Unarmed           |       |       |     3 |       ||     3
 Cast: Pain              |    60 |    63 |    78 |    93 ||   294
       Animate Skeleton  |    23 |    11 |    22 |    39 ||    95
       Regeneration      |       |       |    16 |    56 ||    72
       Repel Missiles    |       |       |     2 |     1 ||     3
       Animate Dead      |       |       |     2 |     9 ||    11
       Mephitic Cloud    |       |       |     1 |    22 ||    23
       Vampiric Draining |       |       |       |    29 ||    29
       Blink             |       |       |       |     7 ||     7
       Sublimation of Bl |       |       |       |     2 ||     2
Invok: Receive Corpses   |       |       |       |     2 ||     2
 Abil: Breathe Lightning |       |       |     8 |     2 ||    10
Evoke: Wand              |       |     1 |     1 |     5 ||     7
  Use: Scroll            |       |    11 |     8 |    13 ||    32
       Potion            |       |     3 |     4 |     1 ||     8
 Stab: Sleeping          |       |     4 |     5 |     2 ||    11
       Distracted        |       |       |     1 |     2 ||     3
       Invisible         |       |       |     1 |       ||     1
       Paralysed         |       |       |       |     8 ||     8
       Confused          |       |       |       |    13 ||    13
  Eat: Chunk             |     5 |     8 |    16 |    24 ||    53
       Pizza             |       |       |     2 |     2 ||     4
Armor: Skin              |    13 |    40 |   137 |   137 ||   327
Dodge: Dodged            |    42 |    95 |   222 |   321 ||   680
       Deflected         |       |       |     5 |     8 ||    13
       Rpst.: Long sword |       |       |    15 |       ||    15
